 Dungeon Crawl Stone Soup version 0.31.0-9-g3a7656b989 (webtiles) character file.

Game seed: 4896919860998674955

1842477 Axelsxxd the Capitalist (level 27, 221/221 HPs)
             Began as a Gnoll Ice Elementalist on Jan 25, 2024.
             Was an Initiate of Gozag.
             Escaped with the Orb
             ... and 4 runes on Jan 29, 2024!
             The game lasted 05:42:01 (103104 turns).

Axelsxxd the Capitalist (Gnoll Ice Elementalist)  Turns: 103104, Time: 05:42:01

Health: 221/221    AC: 29    Str: 10    XL:     27
Magic:  20/64      EV: 23    Int: 26    God:    Gozag
Gold:   768        SH: 26    Dex: 19    Spells: 13/65 levels left

rFire   + + .        V - +12 short sword "Bawnuig" {freeze, rN+ rCorr Int+3}
rCold   + + .        u - +5 kite shield
rNeg    + + +        T - +4 faerie dragon scales {^Drain rC+ rN++ rCorr Dex+2}
rPois   .            j - +2 helmet of Calculation {Rampage Will+ MP+9 Dex-4}
rElec   .            Z - +2 cloak of Biesuff {rF+}
rCorr   +            f - +2 pair of gloves {Str+3}
SInv    +            z - +1 pair of boots "Viho" {Slay+2 SInv}
Will    +++..        Y - amulet of Esaqeah {Reflect Regen+ Str-5 Int+5 SH+5 Stlth+}
Stlth   +++          i - ring of Gasobuebant {rF+ rC+}
HPRegen 1.36/turn    a - ring of magical power
MPRegen 0.39/turn

%: random rage (3%), reflection, rampage
@: hasted (expiring), very quick
A: fangs 1, strong nose, distributed training, agile 1, berserk 1, devolution 1
0: Orb of Zot
}: 4/15 runes: decaying, slimy, silver, gossamer
a: Renounce Religion, Potion Petition, Call Merchant, Bribe Branch


You escaped.
You worshipped Gozag.
Gozag was pleased with you.
You visited 11 branches of the dungeon, and saw 53 of its levels.
You visited the Abyss 2 times.

You collected 31899 gold pieces.
You spent 6178 gold pieces at shops.
You paid 24953 gold pieces to Gozag.

Inventory:

Hand Weapons
 V - the +12 short sword "Bawnuig" (weapon) {freeze, rN+ rCorr Int+3}
   (You bought it in a shop on level 1 of the Lair of Beasts)

   Int+3:     It affects your intelligence (+3).
   rN+:       It protects you from negative energy.
   rCorr:     It protects you from acid and corrosion.
Missiles
 I - 3 throwing nets (quivered)
Armour
 f - a +2 pair of gloves of strength (worn)
 h - a +2 helmet of intelligence
 j - the +2 helmet of Calculation (worn) {Rampage Will+ MP+9 Dex-4}
   (You found it on level 15 of the Dungeon)

   Dex-4:     It affects your dexterity (-4).
   Will+:     It increases your willpower.
   MP+9:      It affects your magic capacity (+9).
   Rampage:   It bestows one free step when moving towards enemies.
 o - a +1 cloak of willpower
 u - a +5 kite shield (worn)
 x - the +1 robe of the Gloaming {*Slow rElec Int+3 Archmagi}
   (You bought it in a shop on level 1 of the Lair of Beasts)

   Int+3:     It affects your intelligence (+3).
   rElec:     It insulates you from electricity.
   *Slow:     It may slow you when you take damage.
   Archmagi:  It increases the power of your magical spells.
 z - the +1 pair of boots "Viho" (worn) {Slay+2 SInv}
   (You acquired it on level 2 of the Lair of Beasts)

   Slay+2:    It affects your accuracy & damage with ranged weapons and melee
   (+2).
   SInv:      It lets you see invisible.
 T - the +4 faerie dragon scales (worn) {^Drain rC+ rN++ rCorr Dex+2}
   (You took it off the Enchantress on level 2 of the Depths)

   Dex+2:     It affects your dexterity (+2).
   rC+:       It protects you from cold.
   rN++:      It greatly protects you from negative energy.
   rCorr:     It protects you from acid and corrosion.
   ^Drain:    It drains your maximum health when unequipped.
 Z - the +2 cloak of Biesuff (worn) {rF+}
   (You bought it in a shop on level 9 of the Dungeon)

   rF+:       It protects you from fire.
Jewellery
 a - a ring of magical power (right hand)
 i - the ring of Gasobuebant (left hand) {rF+ rC+}
   (You took it off a tengu warrior on level 15 of the Dungeon)

   [ring of protection from cold]

   rF+:       It protects you from fire.
   rC+:       It protects you from cold.
 P - a +5 ring of evasion
 Y - the amulet of Esaqeah (around neck) {Reflect Regen+ Str-5 Int+5 SH+5 Stlth+}
   (You acquired it on level 2 of the Spider Nest)

   [amulet of reflection]

   Reflect:   It reflects blocked missile attacks.
   Str-5:     It affects your strength (-5).
   Int+5:     It affects your intelligence (+5).
   Regen+:    It increases your rate of health regeneration.
   SH+5:      It affects your SH (+5).
   Stlth+:    It makes you more stealthy.
Wands
 k - a wand of quicksilver (4)
 m - a wand of iceblast (50)
 E - a wand of mindburst (33)
 H - a wand of paralysis (56)
 J - a wand of flame (41)
Scrolls
 d - 8 scrolls of vulnerability
 g - 7 scrolls of fog
 n - 2 scrolls of blinking
 s - 2 scrolls of enchant weapon
 t - 11 scrolls of teleportation
 y - 5 scrolls of fear
 A - 3 scrolls of enchant armour
 B - 5 scrolls of butterflies
 C - a scroll of revelation
 D - a scroll of immolation
 G - 2 scrolls of silence
 L - 3 scrolls of amnesia
 O - 7 scrolls of poison
Potions
 b - 3 potions of magic
 c - 7 potions of ambrosia
 e - 3 potions of haste
 l - 5 potions of invisibility
 p - 3 potions of brilliance
 q - 18 potions of curing
 r - 2 potions of attraction
 v - 2 potions of might
 w - 3 potions of mutation
 K - 5 potions of resistance
 N - 12 potions of heal wounds
 R - 2 potions of cancellation
 U - 3 potions of enlightenment
Miscellaneous
 F - a tin of tremorstones (2/2)
 M - a phial of floods
 Q - a lightning rod (4/4)
 S - a box of beasts (inert)
 X - a phantom mirror (inert)


   Skills:
 + Level 19.0 Fighting
 + Level 19.0 Short Blades
 + Level 19.0 Long Blades
 + Level 19.0 Axes
 + Level 19.0 Maces & Flails
 + Level 19.0 Polearms
 + Level 19.0 Staves
 + Level 19.0 Ranged Weapons
 + Level 19.0 Throwing
 + Level 19.0 Armour
 + Level 19.4 Dodging
 + Level 19.3 Stealth
 + Level 19.0 Shields
 + Level 19.0 Unarmed Combat
 + Level 19.5 Spellcasting
 + Level 16.2 Conjurations
 + Level 16.2 Hexes
 + Level 16.2 Summonings
 + Level 16.2 Necromancy
 + Level 16.2 Translocations
 + Level 16.2 Fire Magic
 + Level 17.5 Ice Magic
 + Level 16.2 Air Magic
 + Level 16.2 Earth Magic
 + Level 16.2 Alchemy
 + Level 20.5 Invocations
 + Level 19.0 Evocations
 + Level 17.5 Shapeshifting


You had 13 spell levels left.
You knew the following spells:

 Your Spells              Type           Power      Damage    Failure   Level
a - Irradiate             Conj/Alch      41%        3d25      1%          5
b - Frozen Ramparts       Ice            100%       1d16      0%          3
c - Monstrous Menagerie   Summ           41%        N/A       4%          7
d - Sticky Flame          Fire/Alch      83%        2d13      1%          4
e - Bombard               Conj/Erth      41%        9d7       1%          6
f - Borgnjor's Vile Clut  Necr/Erth      41%        N/A       1%          5
g - Lee's Rapid Deconstr  Erth           41%        3d20*     1%          5
h - Summon Cactus Giant   Summ           41%        N/A       1%          6
i - Flame Wave            Conj/Fire      83%        2d18      1%          4
j - Ozocubu's Refrigerat  Ice            43%        4d17      2%          7

Your spell library contained the following spells:

 Spells                   Type           Power      Damage    Failure   Level
 Apportation              Tloc           100%       N/A       0%          1
 Foxfire                  Conj/Fire      100%       2x1d9     0%          1
 Freeze                   Ice            100%       1d10      0%          1
 Kiss of Death            Conj/Necr      100%       2d13      0%          1
 Magic Dart               Conj           100%       1d8       0%          1
 Necrotise                Necr           100%       1d9       0%          1
 Sandblast                Erth           100%       2d20      0%          1
 Slow                     Hex            100%       N/A       0%          1
 Sting                    Conj/Alch      100%       1d9       0%          1
 Blink                    Tloc           100%       N/A       0%          2
 Call Imp                 Summ           100%       N/A       0%          2
 Cigotuvi's Dreadful Rot  Necr/Alch/Air  100%       N/A       0%          2
 Ensorcelled Hibernation  Hex/Ice        100%       N/A       0%          2
 Jinxbite                 Hex            100%       N/A       0%          2
 Lesser Beckoning         Tloc           100%       N/A       0%          2
 Mercury Vapours          Alch/Air       100%       N/A       0%          2
 Momentum Strike          Conj/Tloc      100%       3d10      0%          2
 Scorch                   Fire           100%       2d9       0%          2
 Static Discharge         Conj/Air       100%       3-8/arc   0%          2
 Sublimation of Blood     Necr           83%        N/A       0%          2
 Confusing Touch          Hex            83%        N/A       0%          3
 Dazzling Flash           Conj/Hex       100%       N/A       0%          3
 Gell's Gravitas          Tloc           83%        N/A       0%          3
 Inner Flame              Hex/Fire       83%        N/A       0%          3
 Mephitic Cloud           Conj/Alch/Air  83%        N/A       0%          3
 Ozocubu's Armour         Ice            86%        N/A       0%          3
 Passwall                 Erth           83%        N/A       0%          3
 Sigil of Binding         Hex            83%        N/A       0%          3
 Stone Arrow              Conj/Erth      100%       3d13      0%          3
 Summon Ice Beast         Ice/Summ       85%        N/A       0%          3
 Teleport Other           Tloc           83%        N/A       0%          3
 Tukima's Dance           Hex            83%        N/A       0%          3
 Vampiric Draining        Necr           83%        2d11      0%          3
 Volatile Blastmotes      Fire/Tloc      100%       2d18      0%          3
 Airstrike                Air            41%        2d(6-22)  1%          4
 Anguish                  Hex/Necr       41%        N/A       1%          4
 Animate Armour           Summ/Erth      100%       N/A       1%          4
 Brom's Barrelling Bould  Conj/Erth      83%        2d9       1%          4
 Cause Fear               Hex            41%        N/A       1%          4
 Dimensional Bullseye     Hex/Tloc       41%        N/A       1%          4
 Dispel Undead            Necr           83%        3d27      1%          4
 Fulminant Prism          Conj/Alch      41%        3d19      1%          4
 Iskenderun's Mystic Bla  Conj/Tloc      83%        2d16      1%          4
 Leda's Liquefaction      Alch/Erth      41%        N/A       1%          4
 Martyr's Knell           Necr/Summ      83%        N/A       1%          4
 Olgreb's Toxic Radiance  Alch           83%        N/A       1%          4
 Passage of Golubria      Tloc           83%        N/A       1%          4
 Petrify                  Alch/Erth      83%        N/A       1%          4
 Summon Blazeheart Golem  Fire/Summ      83%        N/A       1%          4
 Summon Lightning Spire   Summ/Air       83%        N/A       1%          4
 Vhi's Electric Charge    Tloc/Air       100%       N/A       1%          4
 Alistair's Intoxication  Alch           55%        N/A       1%          5
 Arcjolt                  Conj/Air       41%        1d51      1%          5
 Curse of Agony           Necr           83%        N/A       1%          5
 Freezing Cloud           Conj/Ice/Air   42%        6-21      1%          5
 Metabolic Englaciation   Hex/Ice        42%        N/A       1%          5
 Silence                  Hex/Air        41%        N/A       1%          5
 Summon Mana Viper        Hex/Summ       83%        N/A       1%          5
 Yara's Violent Unravell  Hex/Alch       41%        3d16      1%          5
 Death Channel            Necr           41%        N/A       1%          6
 Eringya's Noxious Bog    Alch           41%        4d6       1%          6
 Plasma Beam              Fire/Air       41%        2x1d55    1%          6
 Sculpt Simulacrum        Ice/Alch       42%        N/A       1%          6
 Starburst                Conj/Fire      41%        6d12      1%          6
 Enfeeble                 Hex            41%        N/A       4%          7
 Haunt                    Necr/Summ      41%        N/A       4%          7
 Malign Gateway           Summ/Tloc      41%        N/A       4%          7
 Orb of Destruction       Conj           41%        9d11      4%          7
 Spellforged Servitor     Conj/Summ      41%        N/A       4%          7
 Discord                  Hex            41%        N/A       32%         8
 Infestation              Necr           41%        N/A       32%         8
 Lehudib's Crystal Spear  Conj/Erth      41%        10d10     32%         8
 Maxwell's Capacitive Co  Air            41%        ∞         32%         8
 Summon Horrible Things   Summ           41%        N/A       32%         8
 Animate Dead             Necr           Unusable   N/A       N/A         4

Dungeon Overview and Level Annotations

Branches:
Dungeon (15/15)            Temple (1/1) D:6            Lair (5/5) D:10
  Swamp (4/4) Lair:2       Spider (4/4) Lair:2        Slime (5/5) Lair:5
    Orc (2/2) D:9             Elf (3/3) Orc:2        Vaults (5/5) D:13
  Crypt (0/3) Vaults:2     Depths (4/4) D:15            Zot (5/5) Depths:4

Altars:
Ashenzari
Cheibriados
Dithmenos
Elyvilon
Fedhas
Gozag
Hepliaklqana
Kikubaaqudgha
Makhleb
Nemelex Xobeh
Okawaru
Qazlal
Ru
Sif Muna
Trog
Uskayaw
Vehumet
Wu Jian
Xom
Yredelemnul
Zin
The Shining One
Jiyva

Shops:
D:9 [**   D:13 !   Orc:2 ***=   Elf:1 [[[!   Elf:3 !   Lair:1 [[=!*[([
Depths:1 (   Depths:2 *[!

Portals:
Hell: Depths:1 Depths:2 Depths:3 Depths:4
Abyss: Depths:3
Pandemonium: Depths:1 Depths:2
Ziggurat: Depths:4

Annotations:
D:9 exclusions: Erolcha and boulder beetle
Elf:2 2 runed translucent doors
Vaults:3 1 runed translucent door, theMacoje's ghost, adept OnEn
Depths:3 1 transporter
Zot:4 exclusions: door and 3 more exclusions


Innate Abilities, Weirdness & Mutations

You have very sharp teeth.
Your uncanny sense of smell can sniff out nearby items.
Your experience applies equally to all skills.
You are agile. (Dex +4, Str/Int -1)
You sometimes lose your temper in combat.
You have hidden genetic defects.


Message History

Syt Nin gestures at you. The howling sorrow hits you. You resist.
Syt Nin gestures at you. The howling sorrow hits you. You resist.
You see here a jackal skeleton.
There is a staircase leading out of the dungeon here.
You open the lid... ...and an elder oxfire beast leaps out!
The box is emptied!
Aiming: Phantom Mirror
Press: ? - help, Dir - move target, f - elder oxfire beast
Aim: an elder oxfire beast (summoned, wandering, friendly)
You reflect your elder oxfire beast with the mirror!
The mirror clouds!
Okay, then.
Casting: Borgnjor's Vile Clutch (safe; 1% risk of failure)
Confirm with . or Enter, or press ? or * to list all spells.
You don't know that spell.
Unknown command.
Unknown command.
Casting: Borgnjor's Vile Clutch (safe; 1% risk of failure)
Confirm with . or Enter, or press ? or * to list all spells.
Your extra speed is starting to run out.
Casting: Summon Cactus Giant (mildly dangerous; 1% risk of failure)
Confirm with . or Enter, or press ? or * to list all spells.
You summon a manticore!
Casting: Monstrous Menagerie (mildly dangerous; 4% risk of failure)
Confirm with . or Enter, or press ? or * to list all spells.
You summon a lindwurm!
Casting: Monstrous Menagerie (mildly dangerous; 4% risk of failure)
Confirm with . or Enter, or press ? or * to list all spells.
You summon a sphinx!
Your manticore disappears in a puff of smoke!
Casting: Monstrous Menagerie (mildly dangerous; 4% risk of failure)
Confirm with . or Enter, or press ? or * to list all spells.
You summon a lindwurm!
Your sphinx disappears in a puff of smoke!
Unknown command.
You swap places.
You swap places.
There is a staircase leading out of the dungeon here.
You have escaped!

##.......##
##...#.##..##
##...##..#...##
##...###..#.#..##
#...##
#....##..## #..##
#.##.###..##
#...####.##.#
##..##
#.kk.#......#
##.).
##C@H#.####.#
##..
#.§.H#......#
##...
#...####.#..#
##..## #§§##
#.##.###..##
##..##
#.#..##..##
#...###..#.#..##
##...##..#..÷##
##...#.##..##
##.......##


You could see 2 friendly mutant beasts, 2 friendly lindwurms and a friendly
cactus giant (summoned).

Vanquished Creatures
  the Royal Jelly (Slime:5)
  2 dread liches
  3 ancient liches
  2 orbs of fire
  Mara (Vaults:3)
  5 Killer Klowns
  Nikola (Elf:3)
  the Enchantress (Depths:2)
  A profane servitor (Abyss:3)
  Arachne (Spider:3)
  7 golden dragons
  2 bone dragons
  Norris (Elf:1)
  2 Tzitzimimeh (Zot:2)
  An electric golem (Zot:4)
  Jorgrun (D:12)
  2 doom hounds (Zot:2)
  12 tentacled monstrosities
  Asterion (Elf:3)
  15 Orb Guardians
  A lich (Depths:2)
  Grunn (Zot:2)
  2 deep elf blademasters (Elf:3)
  10 quicksilver dragons
  7 titans
  2 deep elf master archers (Elf:3)
  16 acid blobs
  4 sphinxes
  Frances (Elf:1)
  3 tentacled starspawn (Abyss:3)
  2 Executioners
  7 death cobs
  7 tengu reavers
  14 storm dragons
  Agnes (Spider:1)
  6 shadow dragons
  6 thorn hunters
  Donald (Swamp:4)
  15 azure jellies
  A fenstrider witch (Swamp:3)
  13 rockslimes
  8 protean progenitors
  3 draconian knights
  The ghost of Baz the Executioner, a journeyman MiBe of Trog (D:15)
  6 deep elf sorcerers
  15 fire giants
  Roxanne (Elf:1)
  4 draconian shifters
  11 frost giants
  8 draconian monks
  4 emperor scorpions
  17 vault wardens
  3 draconian scorchers
  2 deep elf elementalists (Elf:3)
  8 ghost moths
  16 ironbound preservers
  4 draconian annihilators
  2 draconian stormcallers
  3 orc warlords
  6 broodmothers
  16 quicksilver oozes
  4 spriggan defenders
  A caustic shrike skeleton (Depths:3)
  20 very ugly things
  A reaper (Zot:2)
  4 formless jellyfish
  4 vampire knights
  7 ironbound thunderhulks
  12 stone giants
  13 white draconians
  5 green draconians
  7 deep elf demonologists
  5 eleionomae
  6 deep elf death magi
  9 deep elf annihilators
  8 black draconians
  5 dire elephants
  Azrael (D:15)
  3 war gargoyles
  7 bunyips
  11 red draconians
  The ghost of TheCrane the Spear-Bearer, a journeyman MfGl of Hepliaklqana (D:11)
  A lorocyproca (D:3)
  7 spark wasps
  3 purple draconians
  An eidolon (Depths:4)
  5 yellow draconians
  Snorg (D:11)
  A merfolk javelineer (Depths:1)
  A green death (Depths:2)
  A jiangshi (Abyss:3)
  10 ettins
  Erolcha (D:9)
  6 fire dragons
  2 deep elf high priests (Elf:3)
  17 yaktaur captains
  7 great orbs of eyes
  Harold (D:11)
  3 entropy weavers
  27 hydras
  A salamander tyrant (Depths:4)
  A shambling mangrove (Swamp:4)
  2 rakshasas
  A hell beast (Depths:4)
  Josephine (Orc:2)
  5 ogre magi
  7 spriggan air magi
  30 vault guards
  A boulder beetle (D:9)
  A caustic shrike simulacrum (Depths:1)
  A quicksilver dragon skeleton (Abyss:3)
  8 ice dragons
  9 ironbound frosthearts
  3 jorogumos
  6 alligators
  A death knight (D:13)
  A ghost crab (Swamp:1)
  12 centaur warriors
  Erica (D:10)
  16 dancing weapons
  6 radroaches
  3 anacondas (Zot:4)
  6 deep troll earth magi
  7 deep troll shamans
  21 two-headed ogres
  Urug (Orc:2)
  5 tengu warriors
  7 spriggan berserkers
  10 thrashing horrors (Abyss:3)
  2 vampire magi (Depths:2)
  2 demonic crawlers
  4 occultists (Depths:2)
  Nergalle (Lair:2)
  6 deep elf knights
  A sixfirhy (Abyss:3)
  A sun demon (Depths:4)
  Sonja (D:10)
  14 hell knights
  6 pharaoh ants
  A death drake (shapeshifter) (Vaults:5)
  9 iron trolls
  4 skysharks
  4 wretched stars
  Lodul (D:14)
  2 flayed ghosts
  A golden dragon zombie (Depths:3)
  A shadow demon (Zot:2)
  2 spriggan druids
  A quicksilver dragon simulacrum (Depths:4)
  3 glowing orange brains
  3 goliath frogs
  4 bog bodies
  4 deep elf archers
  A deep troll (shapeshifter) (Vaults:5)
  56 deep trolls
  7 harpies
  10 orb spiders
  6 orc knights
  A sun moth (Spider:3)
  8 necromancers
  13 swamp dragons
  11 arcanists
  A glowing orange brain (shapeshifter) (Vaults:5)
  5 steelbarb worms
  9 lindwurms
  12 ironbound convokers
  19 deep elf pyromancers
  3 phantasmal warriors
  10 deep elf zephyrmancers
  6 orc sorcerers
  Maurice (Orc:1)
  18 wolf spiders
  A manticore (D:15)
  14 cyclopes
  5 will-o-the-wisps
  5 shining eyes
  A wolf spider (shapeshifter) (Vaults:5)
  2 worldbinders (Abyss:3)
  40 ugly things
  2 oklob plants
  6 meliai
  An apocalypse crab (Abyss:3)
  13 elephants
  30 moths of wrath
  5 black mambas
  A stone giant skeleton (Vaults:4)
  5 gargoyles
  17 vault sentinels
  3 eyes of devastation
  3 torpor snails
  5 large abominations
  An unseen horror (D:10)
  An orange demon (Abyss:3)
  7 komodo dragons
  2 smoke demons (Abyss:3)
  29 yaktaurs
  Maggie (D:6)
  A rime drake (Lair:5)
  A freezing wraith (Abyss:3)
  5 kobold demonologists
  11 cane toads
  Jeremiah (D:6)
  3 tengu conjurers
  15 trolls
  2 polar bears (Lair:5)
  2 queen bees (shapeshifter) (D:15)
  6 ancient zymes (Abyss:3)
  9 tyrant leeches
  16 tarantellas
  13 hornets
  2 blink frogs (Lair:3)
  2 dream sheep (Lair:5)
  6 glass eyes
  A raiju (shapeshifter) (D:13)
  16 raiju (Abyss:3)
  98 slime creatures
  27 jumping spiders
  2 ynoxinuls (Abyss:3)
  5 air elementals
  Sigmund (D:3)
  22 spriggans
  11 wraiths
  20 culicivoras
  A vampire (Depths:2)
  42 yaks
  2 basilisks
  6 fire bats (Abyss:3)
  A fire bat (shapeshifter) (D:15)
  8 golden eyes
  A human (shapeshifter) (Elf:2)
  7 water elementals
  A black mamba skeleton (Abyss:3)
  4 wyverns
  13 vampire mosquitoes
  A human (D:9)
  3 steam dragons
  5 fire elementals
  A nameless horror (Vaults:2)
  2 wargs
  4 chaos spawn (Abyss:3)
  45 redbacks
  2 neqoxecs (Abyss:3)
  2 acid dragons (D:9)
  15 swamp worms
  3 hell hounds (D:15)
  17 water moccasins
  An ice beast (D:6)
  9 swamp drakes
  14 orc warriors
  A sky beast (D:8)
  3 black bears
  14 laughing skulls
  7 boggarts
  An ettin simulacrum (Vaults:4)
  24 ogres
  36 wolves
  3 centaurs
  12 starcursed masses (Abyss:3)
  2 phantoms
  A lemure (Depths:2)
  2 weeping skulls (Abyss:3)
  A kobold brigand (D:7)
  A brain worm (Abyss:3)
  2 spectral wargs (Depths:2)
  6 bullfrogs
  2 elf zombies (Elf:1)
  A gnoll sergeant (D:11)
  4 small abominations (Abyss:3)
  A glowing shapeshifter simulacrum (Depths:3)
  3 wights (D:8)
  A hornet simulacrum (D:15)
  3 electric eels
  4 howler monkeys
  A crimson imp (Abyss:3)
  5 hounds
  2 quasits (Abyss:3)
  A gnoll bouda (D:7)
  13 orc priests
  A jelly (D:4)
  An iron imp (Abyss:3)
  5 iguanas
  3 sleepcaps
  Ijyb (D:3)
  11 orc wizards
  A hell rat (Lair:1)
  Robin (D:3)
  3 adders
  10 gnolls
  8 river rats
  4 ufetubi
  3 dart slugs
  A ribbon worm (D:4)
  54 orcs
  8 ball pythons
  8 bats
  3 endoplasms (D:1)
  2 giant cockroaches
  13 goblins
  17 hobgoblins
  4 jackals (D:1)
  13 kobolds
  4 quokkas
  3 frilled lizards (D:2)
  4 rats
  3 starspawn tentacles (Abyss:3)
2052 creatures vanquished.

Vanquished Creatures (collateral kills)
  A golden dragon (Zot:2)
  A tentacled monstrosity (Zot:2)
  An Orb Guardian (Zot:5)
  A quicksilver dragon (Vaults:5)
  An acid blob (Slime:5)
  Gastronok (Lair:1)
  An Executioner (Zot:3)
  A sphinx (Vaults:3)
  A fire giant (Depths:2)
  2 vault wardens (Vaults:3)
  An orc warlord (Vaults:1)
  2 angels (Zot:3)
  An ironbound preserver (Vaults:3)
  A draconian annihilator (Zot:5)
  2 ironbound thunderhulks (Vaults:3)
  2 deep elf death magi (Elf:3)
  4 dire elephants
  3 spark wasps
  An ettin (Depths:2)
  A yaktaur captain (Vaults:2)
  A great orb of eyes (Slime:5)
  A vault guard (Vaults:1)
  A caustic shrike simulacrum (Depths:1)
  6 centaur warriors
  An ironbound frostheart (Vaults:1)
  2 deep troll earth magi
  A thrashing horror (Abyss:3)
  2 hell knights
  A pharaoh ant (Spider:4)
  A cherub (Zot:3)
  An orb spider (Lair:2)
  8 deep trolls
  A bog body (Lair:2)
  A deep elf archer (Elf:1)
  An arcanist (Vaults:1)
  3 ironbound convokers
  2 deep elf pyromancers
  A tengu zombie (Depths:1)
  2 orc knights
  A harpy (Vaults:5)
  A wolf spider (Spider:4)
  4 ugly things
  A necromancer (Vaults:4)
  An orc sorcerer (Orc:1)
  6 elephants
  2 vault sentinels
  A meliai (Spider:4)
  A stone giant skeleton (Vaults:4)
  An eye of devastation (shapeshifter) (Vaults:5)
  A cane toad (Lair:1)
  8 yaktaurs
  A troll (D:11)
  A hornet (Lair:5)
  A blink frog (Lair:4)
  2 dream sheep (Lair:5)
  A raiju (Abyss:3)
  A spriggan zombie (Depths:1)
  10 slime creatures
  A fire giant simulacrum (Depths:1)
  2 jumping spiders (Spider:4)
  A wyvern (Lair:4)
  2 wraiths
  A human (D:9)
  4 yaks
  A basilisk (Lair:2)
  A warg (Orc:2)
  Menkaure (D:4)
  A vampire mosquito (D:11)
  A nameless horror (Vaults:2)
  A water moccasin (Lair:4)
  4 orc warriors
  A black bear (Lair:5)
  2 ogres (Orc:2)
  A boggart (Lair:5)
  A centaur (D:6)
  4 wolves
  A phantom (D:5)
  2 kobold brigands
  A wight (D:8)
  A jelly (Lair:5)
  An orc priest (Orc:2)
  A hell rat (Lair:2)
  A gnoll (D:11)
  A river rat (Lair:2)
  2 ufetubi (D:5)
  7 orcs
  3 kobolds
162 creatures vanquished.

Vanquished Creatures (others)
  A dread lich (Vaults:5)
  A Killer Klown (Zot:5)
  An electric golem (Zot:5)
  A tentacled monstrosity (Vaults:5)
  2 Orb Guardians (Zot:5)
  A quicksilver dragon (Vaults:5)
  A tengu reaver (Vaults:5)
  A storm dragon (Vaults:5)
  2 draconian knights (Zot:2)
  A vault warden (Vaults:5)
  A draconian annihilator (Zot:2)
  2 stone giants (Vaults:5)
  A war gargoyle (Vaults:5)
  A deep elf high priest (Vaults:5)
  2 yaktaur captains (Vaults:5)
  3 hell knights (Vaults:5)
  A shock serpent (shapeshifter) (Vaults:5)
  A phantasmal warrior (Vaults:5)
  A deep elf pyromancer (Elf:1)
  A necromancer (Vaults:5)
  A moth of wrath (Zot:1)
  A vault sentinel (Vaults:5)
  A vampire (Depths:2)
  A laughing skull (Abyss:3)
  36 foxfires
  4 starspawn tentacles (Abyss:3)
70 creatures vanquished.

Grand Total: 2284 creatures vanquished

Notes
Turn   | Place    | Note
-------+----------+-------------------------------------------
     0 | D:1      | Axelsxxd the Gnoll Ice Elementalist began the quest for the
                  | Orb.
     0 | D:1      | Reached XP level 1. HP: 13/13 MP: 6/6
   132 | D:1      | Reached XP level 2. HP: 18/19 MP: 2/7
   540 | D:1      | Reached skill level 5 in Spellcasting
   540 | D:1      | Reached XP level 3. HP: 25/25 MP: 2/9
   544 | D:1      | Learned a level 3 spell: Frozen Ramparts
   836 | D:1      | Reached skill level 1 in Invocations
  1059 | D:2      | Reached skill level 1 in Fighting
  1059 | D:2      | Reached skill level 1 in Short Blades
  1059 | D:2      | Reached skill level 1 in Long Blades
  1059 | D:2      | Reached skill level 1 in Axes
  1059 | D:2      | Reached skill level 1 in Maces & Flails
  1059 | D:2      | Reached skill level 1 in Polearms
  1059 | D:2      | Reached skill level 1 in Staves
  1059 | D:2      | Reached skill level 1 in Ranged Weapons
  1059 | D:2      | Reached skill level 1 in Throwing
  1059 | D:2      | Reached skill level 1 in Armour
  1059 | D:2      | Reached skill level 1 in Shields
  1059 | D:2      | Reached skill level 1 in Unarmed Combat
  1059 | D:2      | Reached skill level 1 in Evocations
  1065 | D:2      | Reached skill level 1 in Shapeshifting
  1065 | D:2      | Reached XP level 4. HP: 19/32 MP: 2/11
  1302 | D:2      | Learned a level 3 spell: Summon Ice Beast
  1591 | D:2      | Reached skill level 1 in Conjurations
  1591 | D:2      | Reached skill level 1 in Hexes
  1591 | D:2      | Reached skill level 1 in Summonings
  1591 | D:2      | Reached skill level 1 in Necromancy
  1591 | D:2      | Reached skill level 1 in Translocations
  1591 | D:2      | Reached skill level 1 in Fire Magic
  1591 | D:2      | Reached skill level 1 in Air Magic
  1591 | D:2      | Reached skill level 1 in Earth Magic
  1591 | D:2      | Reached skill level 1 in Alchemy
  1821 | D:3      | Noticed Ijyb
  1835 | D:3      | Killed Ijyb
  2170 | D:3      | Noticed Sigmund
  2326 | D:3      | Killed Sigmund
  2327 | D:3      | Reached skill level 5 in Dodging
  2327 | D:3      | Reached skill level 2 in Invocations
  2327 | D:3      | Reached XP level 5. HP: 30/38 MP: 2/12
  2327 | D:3      | Reached XP level 6. HP: 35/44 MP: 2/14
  2479 | D:3      | Noticed Robin
  2496 | D:3      | Killed Robin
  2916 | D:4      | Found a hide-covered altar of Uskayaw.
  2917 | D:4      | Noticed a +0 dagger
  2919 | D:4      | Noticed a +0 hand axe
  2935 | D:4      | Noticed a water moccasin
  2944 | D:4      | Killed a water moccasin
  2947 | D:4      | Reached XP level 7. HP: 42/50 MP: 11/15
  3271 | D:4      | Noticed Menkaure
  3282 | D:4      | Killed Menkaure
  3283 | D:4      | Reached skill level 5 in Stealth
  3283 | D:4      | Reached skill level 3 in Invocations
  3553 | D:5      | Entered Level 5 of the Dungeon
  3560 | D:5      | Reached XP level 8. HP: 58/58 MP: 9/16
  4609 | D:5      | Found a blossoming altar of Fedhas.
  4843 | D:6      | Reached skill level 4 in Invocations
  5037 | D:6      | Noticed Jeremiah
  5083 | D:6      | Killed Jeremiah
  5084 | D:6      | Reached XP level 9. HP: 39/65 MP: 4/18
  5267 | D:6      | Noticed Maggie
  5278 | D:6      | Killed Maggie
  5673 | D:6      | Found a staircase to the Ecumenical Temple.
  5787 | Temple   | Entered the Ecumenical Temple
  5806 | Temple   | Became a worshipper of Gozag Ym Sagoz the Greedy
  6083 | D:6      | Reached skill level 5 in Invocations
  6496 | D:7      | Noticed a komodo dragon
  6508 | D:7      | Killed a komodo dragon
  6590 | D:7      | Reached skill level 5 in Fighting
  6590 | D:7      | Reached skill level 5 in Short Blades
  6590 | D:7      | Reached skill level 5 in Long Blades
  6590 | D:7      | Reached skill level 5 in Axes
  6590 | D:7      | Reached skill level 5 in Maces & Flails
  6590 | D:7      | Reached skill level 5 in Polearms
  6590 | D:7      | Reached skill level 5 in Staves
  6590 | D:7      | Reached skill level 5 in Ranged Weapons
  6590 | D:7      | Reached skill level 5 in Throwing
  6590 | D:7      | Reached skill level 5 in Armour
  6590 | D:7      | Reached skill level 5 in Shields
  6590 | D:7      | Reached skill level 5 in Unarmed Combat
  6590 | D:7      | Reached skill level 5 in Evocations
  6590 | D:7      | Reached XP level 10. HP: 63/74 MP: 12/20
  6765 | D:7      | Learned a level 4 spell: Sticky Flame
  6906 | D:7      | Found a glowing golden altar of the Shining One.
  7740 | D:8      | Reached skill level 6 in Invocations
  7740 | D:8      | Reached skill level 5 in Shapeshifting
  7924 | D:8      | Found a radiant altar of Vehumet.
  7926 | D:8      | Found an ancient bone altar of Kikubaaqudgha.
  8110 | D:8      | Learned a level 3 spell: Stone Arrow
  8633 | D:9      | Found a snail-covered altar of Cheibriados.
  8794 | D:9      | You fall into a shaft and drop 2 floors!
  8816 | D:10     | Entered Level 10 of the Dungeon
  8819 | D:10     | Found a shimmering altar of Xom.
  8949 | D:11     | Got the Thoughts on Caustic Company
  9000 | D:9      | Found Juluih's Armour Shop.
  9013 | D:9      | Noticed a boulder beetle
  9064 | D:9      | Reached skill level 5 in Conjurations
  9064 | D:9      | Reached skill level 5 in Hexes
  9064 | D:9      | Reached skill level 5 in Summonings
  9064 | D:9      | Reached skill level 5 in Necromancy
  9064 | D:9      | Reached skill level 5 in Translocations
  9064 | D:9      | Reached skill level 5 in Fire Magic
  9064 | D:9      | Reached skill level 5 in Air Magic
  9064 | D:9      | Reached skill level 5 in Earth Magic
  9064 | D:9      | Reached skill level 5 in Alchemy
  9064 | D:9      | Reached XP level 11. HP: 74/81 MP: 17/22
  9125 | D:9      | Noticed Erolcha
  9281 | D:9      | Noticed a two-headed ogre
  9289 | D:9      | Killed a two-headed ogre
  9307 | D:9      | Found an iron altar of Okawaru.
  9592 | D:9      | Killed Erolcha
  9593 | D:9      | Reached skill level 7 in Invocations
  9793 | D:9      | Noticed a two-headed ogre
  9804 | D:9      | Killed a two-headed ogre
 10002 | D:9      | Found a staircase to the Orcish Mines.
 10216 | D:10     | Noticed Sonja
 10222 | D:10     | Killed Sonja
 10267 | D:10     | Noticed a two-headed ogre
 10279 | D:10     | Killed a two-headed ogre
 10382 | D:10     | Found a staircase to the Lair.
 10403 | D:10     | Noticed an oklob plant
 10416 | D:10     | Killed an oklob plant
 10534 | D:10     | Found a glowing silver altar of Zin.
 10652 | D:10     | Noticed Erica
 10658 | D:10     | Killed Erica
 10911 | D:10     | Found a hazy altar of Hepliaklqana.
 10912 | D:10     | Noticed a two-headed ogre
 10918 | D:10     | Killed a two-headed ogre
 11225 | D:10     | Reached XP level 12. HP: 78/91 MP: 13/24
 11458 | D:9      | Bought a +0 buckler for 58 gold pieces
 11495 | Lair:1   | Entered Level 1 of the Lair of Beasts
 11707 | Lair:1   | Reached skill level 8 in Invocations
 12199 | Lair:1   | Noticed Gastronok
 12208 | Lair:1   | Killed Gastronok
 13930 | Lair:2   | Found a hole to the Spider Nest.
 14211 | Lair:2   | Found a staircase to the Swamp.
 14497 | Lair:2   | Identified a scroll of acquirement
 14498 | Lair:2   | Acquired the +1 pair of boots "Viho" {Slay+2 SInv}
 14506 | Lair:2   | Reached skill level 10 in Ice Magic
 14506 | Lair:2   | Reached skill level 9 in Invocations
 14506 | Lair:2   | Reached XP level 13. HP: 99/99 MP: 26/26
 14665 | Lair:3   | Noticed Nergalle
 14808 | Lair:2   | Killed Nergalle
 15029 | Lair:3   | Reached skill level 10 in Spellcasting
 15259 | Lair:3   | Reached XP level 14. HP: 102/106 MP: 13/28
 15499 | Lair:3   | You fall into a shaft and drop 2 floors!
 15499 | Lair:5   | Entered Level 5 of the Lair of Beasts
 15499 | Lair:5   | Found a staircase to the Slime Pits.
 15625 | Lair:5   | Reached skill level 10 in Dodging
 16894 | Lair:1   | Bought a potion of haste for 160 gold pieces
 16894 | Lair:1   | Bought a potion of might for 64 gold pieces
 16894 | Lair:1   | Bought a potion of curing for 48 gold pieces
 16894 | Lair:1   | Bought a potion of enlightenment for 80 gold pieces
 16894 | Lair:1   | Bought a potion of heal wounds for 80 gold pieces
 16894 | Lair:1   | Bought a potion of haste for 160 gold pieces
 16899 | Lair:1   | Bought a translucent short sword for 200 gold pieces
 16899 | Lair:1   | Identified the +12 short sword "Bawnuig" {freeze, rN+ rCorr
                  | Int+3} (You bought it in a shop on level 1 of the Lair of
                  | Beasts)
 17005 | Lair:3   | Reached skill level 10 in Stealth
 17230 | Lair:3   | Reached skill level 10 in Invocations
 20253 | Lair:5   | Reached XP level 15. HP: 115/115 MP: 26/30
 20281 | Lair:5   | Identified the +1 spear of the Briny Deep {protect, Int+6
                  | Dex+3}
 20963 | D:11     | Noticed Snorg
 20972 | D:11     | Killed Snorg
 21121 | D:11     | Found a runed translucent door.
 21122 | D:11     | Noticed TheCrane's ghost (journeyman MfGl)
 21540 | D:11     | Noticed Harold
 21547 | D:11     | Killed Harold
 21874 | D:12     | Noticed Jorgrun
 21974 | Orc:1    | Entered Level 1 of the Orcish Mines
 22130 | Orc:1    | Noticed Maurice
 22369 | Orc:1    | Killed Maurice
 22370 | Orc:1    | Reached skill level 10 in Fighting
 22370 | Orc:1    | Reached skill level 10 in Short Blades
 22370 | Orc:1    | Reached skill level 10 in Long Blades
 22370 | Orc:1    | Reached skill level 10 in Axes
 22370 | Orc:1    | Reached skill level 10 in Maces & Flails
 22370 | Orc:1    | Reached skill level 10 in Polearms
 22370 | Orc:1    | Reached skill level 10 in Staves
 22370 | Orc:1    | Reached skill level 10 in Ranged Weapons
 22370 | Orc:1    | Reached skill level 10 in Throwing
 22370 | Orc:1    | Reached skill level 10 in Armour
 22370 | Orc:1    | Reached skill level 10 in Shields
 22370 | Orc:1    | Reached skill level 10 in Unarmed Combat
 22370 | Orc:1    | Reached skill level 10 in Evocations
 22885 | Orc:2    | Entered Level 2 of the Orcish Mines
 23334 | Orc:2    | Found a staircase to the Elven Halls.
 23781 | Orc:2    | Noticed Josephine
 23784 | Orc:2    | Killed Josephine
 23785 | Orc:2    | Reached skill level 11 in Invocations
 23858 | Orc:2    | Found Liegaloh's General Store.
 23858 | Orc:2    | Found Zilatzoi's General Store.
 24316 | Orc:2    | Found Vaid's Assorted Antiques.
 24318 | Orc:2    | Bought a scroll of teleportation for 39 gold pieces
 24323 | Orc:2    | Bought a +1 cloak of willpower for 214 gold pieces
 24323 | Orc:2    | Bought a potion of heal wounds for 65 gold pieces
 24352 | Orc:2    | Found Ceddif's Jewellery Boutique.
 24356 | Orc:2    | Bought a scroll of fear for 96 gold pieces
 24356 | Orc:2    | Bought a potion of curing for 72 gold pieces
 24356 | Orc:2    | Bought a twisted onyx ring for 120 gold pieces
 24496 | Orc:2    | Noticed Urug
 24513 | Orc:2    | Killed Urug
 25249 | D:9      | Bought a potion of invisibility for 120 gold pieces
 25249 | D:9      | Bought a wand of flame (3) for 31 gold pieces
 25249 | D:9      | Bought a scroll of teleportation for 45 gold pieces
 25251 | D:9      | Bought a pair of glowing boots for 300 gold pieces
 25251 | D:9      | Bought a wand of iceblast (6) for 576 gold pieces
 25251 | D:9      | Bought a fading cloak for 380 gold pieces
 25251 | D:9      | Identified the +2 cloak of Biesuff {rF+} (You bought it in
                  | a shop on level 9 of the Dungeon)
 25308 | D:9      | Learned a level 5 spell: Borgnjor's Vile Clutch
 25532 | D:11     | Killed TheCrane's ghost
 25679 | D:12     | Killed Jorgrun
 26973 | D:13     | Found Pejets's Distillery.
 27353 | D:13     | Reached XP level 16. HP: 31/124 MP: 20/31
 28524 | D:13     | Found a gate to the Vaults.
 28533 | D:13     | Learned a level 5 spell: Lee's Rapid Deconstruction
 28536 | D:13     | Reached skill level 10 in Shapeshifting
 29680 | D:14     | Noticed Lodul
 29689 | D:14     | Killed Lodul
 30010 | D:15     | Entered Level 15 of the Dungeon
 30010 | D:15     | Found a runed translucent gate.
 30010 | D:15     | Found a runed translucent gate.
 30010 | D:15     | Found a runed translucent gate.
 30052 | D:15     | Reached skill level 12 in Invocations
 30326 | Spider:1 | Entered Level 1 of the Spider Nest
 30920 | Spider:1 | Noticed Agnes
 30925 | Spider:1 | Killed Agnes
 32494 | Spider:2 | Acquired the amulet of Esaqeah {Reflect Regen+ Str-5 Int+5
                  | SH+5 Stlth+}
 33423 | Spider:2 | Reached XP level 17. HP: 121/131 MP: 30/33
 33824 | Spider:3 | Identified the +7 halberd "Niarghawu" {holy, rF+}
 35402 | Spider:3 | Noticed Arachne
 35418 | Spider:3 | Killed Arachne
 35790 | Spider:4 | Entered Level 4 of the Spider Nest
 35811 | Spider:4 | Reached skill level 10 in Conjurations
 35811 | Spider:4 | Reached skill level 10 in Hexes
 35811 | Spider:4 | Reached skill level 10 in Summonings
 35811 | Spider:4 | Reached skill level 10 in Necromancy
 35811 | Spider:4 | Reached skill level 10 in Translocations
 35811 | Spider:4 | Reached skill level 10 in Fire Magic
 35811 | Spider:4 | Reached skill level 10 in Air Magic
 35811 | Spider:4 | Reached skill level 10 in Earth Magic
 35811 | Spider:4 | Reached skill level 10 in Alchemy
 37123 | Spider:4 | Reached skill level 13 in Invocations
 39105 | Spider:4 | Got a gossamer rune of Zot
 39269 | Lair:2   | Learned a level 6 spell: Summon Cactus Giant
 39597 | Swamp:1  | Entered Level 1 of the Swamp
 39873 | Lair:2   | Learned a level 4 spell: Flame Wave
 39902 | Swamp:1  | Reached XP level 18. HP: 119/141 MP: 21/35
 40427 | Swamp:1  | Identified the granite talisman "Otoohep" {rN+ Int+4}
 43808 | Swamp:4  | Entered Level 4 of the Swamp
 45124 | Swamp:4  | Reached skill level 14 in Invocations
 45361 | Swamp:4  | Noticed Donald
 45370 | Swamp:4  | Killed Donald
 46180 | Swamp:4  | Got a decaying rune of Zot
 46445 | Lair:1   | Bought a distressingly furry robe for 136 gold pieces
 46445 | Lair:1   | Identified the +1 robe of the Gloaming {*Slow rElec Int+3
                  | Archmagi} (You bought it in a shop on level 1 of the Lair
                  | of Beasts)
 46445 | Lair:1   | Bought a pair of dazzling gloves for 228 gold pieces
 46445 | Lair:1   | Identified the +0 pair of gloves "Gefiv" {rElec Will-
                  | Regen+ Dex+5} (You bought it in a shop on level 1 of the
                  | Lair of Beasts)
 46587 | Vaults:1 | Entered Level 1 of the Vaults
 46691 | D:13     | Reached XP level 19. HP: 113/149 MP: 1/36
 48324 | Vaults:1 | Acquired 847 gold pieces
 48938 | Vaults:1 | Identified the staff of Change {Str-2 Dex+3 Stlth+ Earth}
 49304 | Vaults:2 | Noticed a bone dragon
 49308 | Vaults:2 | Found a staircase to the Crypt.
 49322 | Vaults:2 | Killed a bone dragon
 50387 | Vaults:2 | Learned a level 5 spell: Irradiate
 50454 | Vaults:2 | Identified the +9 arbalest "Josein" {heavy, *Corrode rF+
                  | MP+9 Str+3}
 51286 | Vaults:2 | Reached skill level 15 in Invocations
 51288 | Vaults:2 | Reached XP level 20. HP: 158/158 MP: 38/38
 52609 | Vaults:3 | Paralysed by a formless jellyfish for 1 turns
 52615 | Vaults:3 | Paralysed by a formless jellyfish for 1 turns
 52753 | Vaults:3 | Reached skill level 15 in Spellcasting
 52990 | Vaults:3 | Noticed Mara
 52999 | Vaults:3 | Killed Mara
 53204 | Vaults:3 | Found a runed translucent door.
 53206 | Vaults:3 | Noticed theMacoje's ghost (adept OnEn)
 53316 | Vaults:3 | Reached skill level 15 in Dodging
 53691 | Vaults:3 | Identified the ring "Xitepa" {*Corrode rF++ Dex+5 SInv}
 54262 | Vaults:4 | Reached skill level 15 in Stealth
 54667 | Vaults:4 | Reached XP level 21. HP: 143/166 MP: 38/40
 55979 | Lair:1   | Bought a dazzling leather armour for 168 gold pieces
 55979 | Lair:1   | Identified the +3 leather armour of Jebej {Dex+3} (You
                  | bought it in a shop on level 1 of the Lair of Beasts)
 55979 | Lair:1   | Bought a twisted leather armour for 168 gold pieces
 55979 | Lair:1   | Identified the +1 leather armour "Boggus Jeaj" {Str+3} (You
                  | bought it in a shop on level 1 of the Lair of Beasts)
 55999 | Lair:1   | Bought 2 potions of might for 128 gold pieces
 55999 | Lair:1   | Bought a potion of mutation for 128 gold pieces
 56389 | D:15     | Found a runed translucent door.
 56573 | D:15     | Noticed Azrael
 56589 | D:15     | Killed Azrael
 56796 | D:15     | Reached skill level 16 in Invocations
 56887 | D:15     | Found a staircase to the Depths.
 57325 | D:15     | Noticed Baz's ghost (journeyman MiBe)
 57325 | D:15     | Identified the ring of Gasobuebant {rF+ rC+}
 57978 | Depths:1 | Entered Level 1 of the Depths
 58419 | D:15     | Learned a level 7 spell: Ozocubu's Refrigeration
 59052 | Depths:1 | Found a gateway to Hell.
 59114 | Depths:1 | Found Zoimpacs's Antique Weapon Boutique.
 59123 | Depths:1 | Bought a shimmering hand axe for 312 gold pieces
 59123 | Depths:1 | Identified the +4 hand axe "Killer Bee's Bane" {vamp,
                  | Str+8} (You bought it in a shop on level 1 of the Depths)
 59123 | Depths:1 | Bought a slimy dagger for 273 gold pieces
 59123 | Depths:1 | Identified the +1 dagger of Recklessness {heavy, *Corrode
                  | rF+++ Dex+3 Stlth+} (You bought it in a shop on level 1 of
                  | the Depths)
 59441 | Depths:1 | Found a one-way gate leading to the halls of Pandemonium.
 59466 | Depths:1 | Reached skill level 15 in Fighting
 59466 | Depths:1 | Reached skill level 15 in Short Blades
 59466 | Depths:1 | Reached skill level 15 in Long Blades
 59466 | Depths:1 | Reached skill level 15 in Axes
 59466 | Depths:1 | Reached skill level 15 in Maces & Flails
 59466 | Depths:1 | Reached skill level 15 in Polearms
 59466 | Depths:1 | Reached skill level 15 in Staves
 59466 | Depths:1 | Reached skill level 15 in Ranged Weapons
 59466 | Depths:1 | Reached skill level 15 in Throwing
 59466 | Depths:1 | Reached skill level 15 in Armour
 59466 | Depths:1 | Reached skill level 15 in Shields
 59466 | Depths:1 | Reached skill level 15 in Unarmed Combat
 59466 | Depths:1 | Reached skill level 15 in Evocations
 59584 | Depths:1 | Paralysed by a vampire knight for 4 turns
 61252 | Depths:2 | Noticed the Enchantress
 61257 | Depths:2 | Reached XP level 22. HP: 144/175 MP: 24/41
 61265 | Depths:2 | Killed the Enchantress
 62423 | Depths:2 | Found a bloodstained altar of Trog.
 62423 | Abyss:3  | Cast into level 3 of the Abyss (an occultist)
 62702 | Abyss:3  | Noticed a profane servitor
 62714 | Abyss:3  | Killed a profane servitor
 62813 | Abyss:3  | HP: 7/176 [+1 long sword of holy wrath (17)]
 63013 | Abyss:3  | Noticed a juggernaut
 63119 | Abyss:3  | Paralysed by accursed screaming for 2 turns
 63268 | Depths:2 | Escaped the Abyss
 63292 | Abyss:3  | Cast into level 3 of the Abyss (an occultist)
 63302 | Abyss:3  | Found a corrupted altar of Lugonu.
 63374 | Abyss:3  | Found a corrupted altar of Lugonu.
 63375 | Abyss:3  | Found a corrupted altar of Lugonu.
 64073 | Abyss:3  | Found a corrupted altar of Lugonu.
 64090 | Depths:2 | Escaped the Abyss
 64765 | Depths:2 | Reached skill level 17 in Invocations
 64783 | Depths:2 | Noticed an ancient lich
 64797 | Depths:2 | Killed an ancient lich
 64802 | Depths:2 | Reached skill level 15 in Ice Magic
 64806 | Depths:2 | Found an ancient bone altar of Kikubaaqudgha.
 65010 | Depths:2 | Identified the +1 animal skin of Gravitas {Stlth+}
 65341 | Depths:2 | Found The Legendary Sasaqan's Legendary Smithy.
 65519 | Depths:2 | Found a bloodstained altar of Trog.
 65630 | Depths:2 | Found Savuw's Miraculous Elixirs.
 65726 | Depths:2 | Found Ofeame's General Store.
 65818 | Depths:2 | Bought a potion of magic for 120 gold pieces
 65818 | Depths:2 | Bought a potion of curing for 45 gold pieces
 66139 | Depths:3 | Found a transporter.
 66348 | Depths:3 | Reached XP level 23. HP: 129/183 MP: 16/43
 67469 | Depths:3 | Found Fedentip's Antique Weapon Emporium.
 67487 | Depths:3 | Found a transporter.
 67490 | Depths:3 | Found the ring of the Hare {EV+10}
 67632 | Depths:3 | Noticed a golden dragon
 67640 | Depths:3 | Noticed an ancient lich
 67642 | Depths:3 | Noticed a golden dragon
 67642 | Depths:3 | Noticed a golden dragon
 67642 | Depths:3 | Noticed a caustic shrike
 67644 | Depths:3 | Noticed a caustic shrike
 67755 | Depths:4 | Entered Level 4 of the Depths
 67778 | Depths:3 | Found a one-way gate to the infinite horrors of the Abyss.
 69089 | Depths:4 | Noticed a golden dragon
 69100 | Depths:4 | Killed a golden dragon
 69113 | Depths:4 | Reached skill level 15 in Shapeshifting
 69509 | Depths:3 | Gained mutation: You are dopey. (Int -2) [mutagenic glow]
 69561 | Depths:3 | Lost mutation: You are dopey. (Int -2) [potion of mutation]
 69561 | Depths:3 | Gained mutation: You are covered in fur. (AC +1) [potion of
                  | mutation]
 69561 | Depths:3 | Gained mutation: You are robust. (+10% HP) [potion of
                  | mutation]
 69561 | Depths:3 | Gained mutation: Your muscles are strong. (Str +4, Int/Dex
                  | -1) [potion of mutation]
 69723 | Depths:4 | Found a gate to the Realm of Zot.
 70452 | Depths:4 | Found a one-way gateway to a ziggurat.
 70687 | Depths:4 | Learned a level 7 spell: Monstrous Menagerie
 70696 | Depths:4 | Learned a level 6 spell: Bombard
 71088 | Lair:1   | Bought a scorched leather armour for 238 gold pieces
 71088 | Lair:1   | Identified the +0 leather armour of the Game of Kings
                  | {*Slow rElec rPois rN+} (You bought it in a shop on level 1
                  | of the Lair of Beasts)
 71088 | Lair:1   | Bought a smoking robe for 193 gold pieces
 71088 | Lair:1   | Identified the +0 robe of Moddol {rElec rPois Regen+ Int-2}
                  | (You bought it in a shop on level 1 of the Lair of Beasts)
 71199 | Elf:1    | Entered Level 1 of the Elven Halls
 71512 | Elf:1    | Noticed Frances
 71774 | Elf:1    | Killed Frances
 72045 | Elf:1    | Found Sulohe's Antique Armour Boutique.
 72048 | Elf:1    | Found Ogaroj's Distillery.
 72048 | Elf:1    | Found Lecott's Antique Armour Boutique.
 72051 | Elf:1    | Found Yhisah's Armour Shop.
 72115 | Elf:1    | Bought a potion of haste for 100 gold pieces
 72115 | Elf:1    | Bought a potion of might for 40 gold pieces
 72115 | Elf:1    | Bought a potion of ambrosia for 80 gold pieces
 72115 | Elf:1    | Bought a potion of invisibility for 80 gold pieces
 72115 | Elf:1    | Bought a potion of resistance for 100 gold pieces
 72115 | Elf:1    | Bought a potion of curing for 30 gold pieces
 72314 | Elf:1    | Noticed Norris
 72327 | Elf:1    | Killed Norris
 72685 | Elf:1    | Reached XP level 24. HP: 178/212 MP: 17/44
 73094 | Elf:1    | Identified the +1 ring mail "Bazxiugo" {rElec Dex+2}
 73683 | Elf:1    | Noticed Roxanne
 73687 | Elf:1    | Killed Roxanne
 73842 | Elf:2    | Reached skill level 18 in Invocations
 74213 | Elf:2    | Found a runed translucent door.
 74246 | Elf:2    | Found a runed translucent door.
 74402 | Elf:3    | Entered Level 3 of the Elven Halls
 74556 | Elf:3    | Noticed Asterion
 74565 | Elf:3    | Killed Asterion
 75155 | Elf:3    | Found Wiribec's Distillery.
 75174 | Elf:3    | Bought a potion of invisibility for 152 gold pieces
 75174 | Elf:3    | Bought 2 potions of curing for 114 gold pieces
 75174 | Elf:3    | Bought a potion of resistance for 190 gold pieces
 75174 | Elf:3    | Bought a potion of heal wounds for 95 gold pieces
 75174 | Elf:3    | Bought a potion of ambrosia for 152 gold pieces
 76171 | Elf:3    | Identified the +3 leather armour of the Armadillo {rC-
                  | rCorr Slay+5}
 76558 | Elf:3    | Identified the +9 long sword "Worm" {elec, rC+ rCorr Str+4}
 76582 | Elf:3    | Identified the +5 mace "Tagheuru" {freeze, rF+}
 76753 | Elf:3    | Identified the staff "Lusoosk" {+Blink rF+ Str+3 Dex-2
                  | Fire}
 76758 | Elf:3    | Got the Textbook on Execration
 76762 | Elf:3    | Got the Precepts of the Wendigo and the Evil Eye
 76768 | Elf:3    | Identified the staff of Severance {rC+ Dex+5 Ice}
 76788 | Elf:3    | Identified the +0 ring mail of Prudence {rN+ MP+9 Dex+3
                  | Stlth+}
 77015 | Elf:3    | Noticed Nikola
 77030 | Elf:3    | Killed Nikola
 77395 | Elf:3    | Acquired a +2 helmet of intelligence
 77886 | Slime:1  | Entered Level 1 of the Pits of Slime
 81817 | Slime:5  | Entered Level 5 of the Pits of Slime
 81855 | Slime:5  | Gained mutation: You are occasionally teleported next to
                  | monsters. [a shining eye]
 81999 | Slime:5  | Found a viscous altar of Jiyva.
 81999 | Slime:5  | Noticed the Royal Jelly
 82034 | Slime:5  | Killed the Royal Jelly
 82172 | Slime:5  | Paralysed by a formless jellyfish for 1 turns
 82468 | Slime:5  | Got a slimy rune of Zot
 82473 | Slime:5  | Identified the +6 great mace "Hell-Harrower" {holy,
                  | *Corrode rN+++ Dex-2 Stlth+}
 82509 | Slime:5  | Identified the +8 great mace of Honour {freeze, rCorr}
 82537 | Slime:5  | Identified the +3 acid dragon scales of Hocekh {rCorr
                  | Int+3}
 82548 | Slime:5  | Got the Incunable of the Scarab
 82559 | Slime:5  | Identified the ring "Ithrukhlap" {rN+ Slay+4}
 82668 | Slime:5  | Reached XP level 25. HP: 182/221 MP: 3/44
 84359 | Slime:5  | Acquired 810 gold pieces
 84843 | Lair:5   | Lost mutation: You are occasionally teleported next to
                  | monsters. [potion of mutation]
 84843 | Lair:5   | Lost mutation: You are robust. (+10% HP) [potion of
                  | mutation]
 84843 | Lair:5   | Lost mutation: Your muscles are strong. (Str +4, Int/Dex
                  | -1) [potion of mutation]
 84843 | Lair:5   | Gained mutation: You occasionally lose the ability to read
                  | scrolls when taking damage. [potion of mutation]
 84843 | Lair:5   | Gained mutation: Your muscles are strong. (Str +4, Int/Dex
                  | -1) [potion of mutation]
 84843 | Lair:5   | Gained mutation: You have sharp toenails. [potion of
                  | mutation]
 84843 | Lair:5   | Gained mutation: A frigid envelope surrounds you and
                  | freezes all who hurt you. [potion of mutation]
 84844 | Lair:5   | Lost mutation: You occasionally lose the ability to read
                  | scrolls when taking damage. [potion of mutation]
 84844 | Lair:5   | Lost mutation: You are covered in fur. (AC +1) [potion of
                  | mutation]
 84844 | Lair:5   | Lost mutation: You have sharp toenails. [potion of
                  | mutation]
 84844 | Lair:5   | Gained mutation: Your flesh is heat resistant. (rF+)
                  | [potion of mutation]
 84844 | Lair:5   | Gained mutation: You are robust. (+10% HP) [potion of
                  | mutation]
 85280 | Vaults:5 | Entered Level 5 of the Vaults
 85547 | Vaults:5 | Noticed a dread lich
 85555 | Vaults:5 | Noticed a dread lich
 85563 | Vaults:5 | Killed a dread lich
 85569 | Vaults:5 | Killed a dread lich
 85572 | Vaults:5 | Reached skill level 19 in Invocations
 85584 | Vaults:5 | Reached skill level 15 in Conjurations
 85584 | Vaults:5 | Reached skill level 15 in Hexes
 85584 | Vaults:5 | Reached skill level 15 in Summonings
 85584 | Vaults:5 | Reached skill level 15 in Necromancy
 85584 | Vaults:5 | Reached skill level 15 in Translocations
 85584 | Vaults:5 | Reached skill level 15 in Fire Magic
 85584 | Vaults:5 | Reached skill level 15 in Air Magic
 85584 | Vaults:5 | Reached skill level 15 in Earth Magic
 85584 | Vaults:5 | Reached skill level 15 in Alchemy
 85724 | Vaults:4 | Killed a dread lich
 85877 | Vaults:5 | Identified the +2 scimitar of Jyerch {freeze, Stlth+}
 86973 | Vaults:5 | Noticed an ancient lich
 86988 | Vaults:5 | Killed an ancient lich
 87304 | Vaults:5 | Found the +3 Mad Mage's Maulers {Infuse+∞ VampMP -Cast}
 87365 | Vaults:5 | Identified the +1 broad axe "Rosoac" {drain, rN+}
 87590 | Vaults:5 | Noticed an ancient lich
 87596 | Vaults:5 | Killed an ancient lich
 87662 | Vaults:5 | Got a silver rune of Zot
 88829 | D:15     | Killed Baz's ghost
 89698 | D:15     | Identified the +2 helmet of Calculation {Rampage Will+ MP+9
                  | Dex-4}
 89906 | Zot:1    | Entered Level 1 of the Realm of Zot
 89912 | Zot:1    | Identified the +10 mace of Eternity {flame, rF++}
 90469 | Zot:1    | Reached XP level 26. HP: 137/232 MP: 17/45
 92834 | Zot:2    | Noticed Grunn
 92850 | Zot:2    | Killed Grunn
 93817 | Zot:3    | Noticed an orb of fire
 93827 | Zot:3    | Killed an orb of fire
 94262 | Zot:3    | Noticed a Killer Klown
 94271 | Zot:3    | Killed a Killer Klown
 96880 | Zot:4    | Reached skill level 20 in Invocations
 98022 | Zot:5    | Entered Level 5 of the Realm of Zot
 98211 | Zot:4    | Reached XP level 27. HP: 112/240 MP: 22/46
 98218 | Zot:4    | Gained mutation: Your health recovers twice as slowly from
                  | being drained. [mutagenic glow]
 98226 | Zot:4    | Gained mutation: You occasionally lose the ability to drink
                  | potions when taking damage. [mutagenic glow]
101487 | Zot:5    | Gained mutation: Your body sometimes deteriorates upon
                  | taking damage. [mutagenic glow]
101695 | Zot:4    | Lost mutation: Your muscles are strong. (Str +4, Int/Dex
                  | -1) [potion of mutation]
101695 | Zot:4    | Lost mutation: Your health recovers twice as slowly from
                  | being drained. [potion of mutation]
101695 | Zot:4    | Lost mutation: You are robust. (+10% HP) [potion of
                  | mutation]
101695 | Zot:4    | Gained mutation: You have hidden genetic defects. [potion
                  | of mutation]
101696 | Zot:4    | Lost mutation: Your body sometimes deteriorates upon taking
                  | damage. [potion of mutation]
101696 | Zot:4    | Lost mutation: A frigid envelope surrounds you and freezes
                  | all who hurt you. [potion of mutation]
101696 | Zot:4    | Lost mutation: Your flesh is heat resistant. (rF+) [potion
                  | of mutation]
101696 | Zot:4    | Gained mutation: Your mind is acute. (Int +4, Str/Dex -1)
                  | [potion of mutation]
101697 | Zot:4    | Lost mutation: You have hidden genetic defects. [potion of
                  | mutation]
101697 | Zot:4    | Lost mutation: You occasionally lose the ability to drink
                  | potions when taking damage. [potion of mutation]
101697 | Zot:4    | Lost mutation: Your mind is acute. (Int +4, Str/Dex -1)
                  | [potion of mutation]
101697 | Zot:4    | Gained mutation: You are agile. (Dex +4, Str/Int -1)
                  | [potion of mutation]
101800 | Zot:5    | Noticed an orb of fire
101884 | Zot:5    | Killed an orb of fire
102101 | Zot:5    | Noticed an ancient lich
102450 | Zot:5    | Noticed an orb of fire
102486 | Zot:5    | Got the Orb of Zot
102528 | Zot:3    | Noticed a seraph
102660 | Depths:3 | Noticed Nolos the pandemonium lord
102731 | Depths:3 | Gained mutation: You have hidden genetic defects. [a
                  | cacodemon]
102732 | Depths:3 | Gained mutation: You sometimes lose your temper in combat.
                  | [a cacodemon]
102865 | D:12     | Noticed Xievuodgh the pandemonium lord
103049 | D:2      | Noticed Syt Nin the pandemonium lord
103104 | D:$      | Escaped with the Orb!

Illustrated notes

Levels and vault maps discovered:
D:1:      dpeg_chamrin_arrival_tetris, layout_basic
D:2:      layout_loops_ring
D:3:      layout_basic, amethyst_killhole, uniq_ijyb, uniq_sigmund, uniq_robin
D:4:      layout_rooms, dancing_weapons_uskayaw, uniq_menkaure
D:5:      layout_basic, mainiacjoe_overflow_small_starburst,
          kennysheep_cross_room
D:6:      layout_loops_ring, temple_green, uniq_maggie, uniq_jeremiah
D:7:      layout_loops_ring, tso_metal_star, enter_bailey_3, kb_rosetta
D:8:      layout_basic, jmf_multi_god_temple, nicolae_figureground_sparkle
D:9:      layout_roguey, okawaru_humans, cheibriados_altar_2, orc_0_dummy,
          serial_shops, nicolae_take_the_stairs, uniq_erolcha
D:10:     layout_long_grid, zin_statuary, nicolae_overflow_hidden_temple,
          nicolae_hepliaklqana_hazy_memory, dpeg_oklobed_lair, uniq_sonja,
          uniq_erica
D:11:     layout_cave_pods, gammafunk_ghost_grave, uniq_harold, uniq_snorg
D:12:     layout_basic, kennysheep_generic_room_14, uniq_jorgrun
D:13:     layout_roguey, skrybe_vaults_entry_preservation, serial_shops,
          kennysheep_mini_moat
D:14:     layout_basic, minivault_26, uniq_lodul
D:15:     gammafunk_enter_depths_forms, layout_stronghold,
          gammafunk_ghost_tricky_traps, kennysheep_treasure_room, uniq_azrael
Temple:   nicolae_temple_slightly_damp_pantheon
Lair:1:   layout_chaotic_city, minmay_lair_oklob_items, uniq_gastronok
Lair:2:   layout_cave_pods, skrybe_swamp_entry_bodies,
          nicolae_spider_entry_orb_guardian, kennysheep_rathole,
          serial_bayou_shore_a
Lair:3:   layout_gridlike, uniq_nergalle
Lair:4:   layout_small_grid, lemuel_fruit_fields, grunt_megastairs_2
Lair:5:   minmay_lair_end_enchanted_forest, layout_hall_layers,
          minmay_slime_entry_pillars
Swamp:1:  layout_basic_swamp, nicolae_swamp_well_well_well, swamp_pool_1_2,
          nicolae_swamp_feature_on_the_river_bank
Swamp:2:  layout_basic_swamp, evilmike_swamp_ruin_house_2
Swamp:3:  layout_basic_swamp, nicolae_swamp_oxbows, infiniplex_staircase_pool_2
Swamp:4:  swamp, layout_basic_swamp, uniq_donald
Spider:1: layout_chambers, uniq_agnes
Spider:2: layout_spider_delve
Spider:3: layout_cave_pods, uniq_arachne
Spider:4: grunt_spider_rune_parallel
Slime:1:  layout_caves
Slime:2:  layout_caves
Slime:3:  layout_caves
Slime:4:  layout_caves
Slime:5:  slime_pit_nicolae_block_by_block
Orc:1:    layout_caves, uniq_maurice
Orc:2:    st_orc_open, layout_diamond_mine, basic_altar, mines1_david,
          uniq_urug, uniq_josephine
Elf:1:    eino_elf_arrival_the_gate, layout_loops_corners,
          minmay_elf_necromancy, minivault_27, grunt_megastairs_4,
          minmay_shoptagon, uniq_norris, uniq_roxanne, uniq_frances
Elf:2:    elven_hall_of_blades_hangedman_original
          [nicolae_blade_entry_splitting_headache], layout_geoelf_grid
Elf:3:    elf_hall, layout_geoelf_castle, serial_shops,
          nicolae_shop_window_shopping, uniq_asterion, uniq_nikola
Vaults:1: nicolae_vaults_more_shelving_1, hangedman_vaults_trim,
          nicolae_vaults_surprise_closet, ontoclasm_vaults_chip,
          nicolae_vaults_closet_pinwheel_5, st_cross,
          nicolae_vaults_offset_grid_hallway_4,
          nicolae_vaults_storage_room_water, ontoclasm_vaults_gateway,
          vaults_dpeg_cross, vaults_room_semicircle, hangedman_vaults_unwind,
          nicolae_vaults_hallways_thing, layout_vaults_omnibox
Vaults:2: nicolae_vaults_little_squares_6, v_misc_28, v_misc_4,
          ontoclasm_vaults_eye, ontoclasm_vaults_decontamination,
          hangedman_vaults_stretched_pinwheel, minmay_crypt_entry_nasty_monster,
          nicolae_vaults_network_periphery,
          nicolae_vaults_shipping_containers_1, v_misc_12,
          hangedman_vaults_impose, vaults_dpeg_emergency_exit,
          nicolae_vaults_tetromino_T_1, nicolae_vaults_sightless_eye,
          layout_vaults_ring
Vaults:3: hellmonk_ghost_big_iron, nicolae_vaults_an_arrangement, v_misc_14,
          nicolae_vaults_mitosis, nicolae_vaults_more_shelving_2,
          nicolae_vaults_sesquioval_fish, nicolae_vaults_meiosis,
          nicolae_vaults_closet_pinwheel_5, layout_vaults_omnigrid, uniq_mara
Vaults:4: v_rooms_6, v_rooms_3, vaults_room_stairs_pillars, grunt_vaults_twisty,
          hangedman_vaults_maws, v_misc_4, v_misc_23,
          nicolae_vaults_trapezoid_1, ontoclasm_vaults_spin,
          layout_vaults_chaotic_city
Vaults:5
Depths:1: layout_cave_pools, serial_shops, shop, hell_entry, pan_entry,
          infiniplex_enter_wizlab_water, nicolae_hexahallways, kennysheep_dice
Depths:2: grated_community_mu [grated_community_mu_vampire_home,
          grated_community_mu_giant_home, grated_community_mu_spellcaster_home,
          grated_community_mu_orcish_home, grated_community_mu_troll_home,
          grated_community_mu_taur_home, grated_community_mu_unbuilt_plot],
          layout_gridlike, serial_sigils_hangedman_scratch, pan_entry,
          hell_entry, uniq_enchantress
Depths:3: gammafunk_dig_for_victory, layout_basic, abyss_entry, hell_entry,
          serial_shops, nicolae_shop_stone, minmay_staircase_statues
Depths:4: grunt_zot_entry_funnels, layout_cave_pools, enter_ziggurat_a,
          dk_noncrumbling_2, grunt_mini_vestibule, serial_sigils_hangedman_shear
Zot:1:    layout_gridville
Zot:2:    layout_gridlike, uniq_grunn
Zot:3:    layout_gridlike, skrybe_zot_glass_3
Zot:4:    layout_twisted_circle, zot_minivault_1
Zot:5:    layout_basic, grunt_ministairs_1

Skill      XL: |  1  2  3  4  5  6  7  8  9 10 11 12 13 14 15 16 17 18 19 20 21 22 23 24 25 26 27 |
---------------+----------------------------------------------------------------------------------+-----
Spellcasting   | 5 6 7 8 9 10 11 12 13 14 15 16 17 18 19 | 19.5
Invocations    | 1 2 3 4 5 6 7 9 10 11 12 13 14 15 16 17 18 19 20 | 20.5
Fighting       | 1 2 3 4 5 6 7 8 9 10 11 12 13 14 15 16 17 18 19 | 19.0
Short Blades   | 1 2 3 4 5 6 7 8 9 10 11 12 13 14 15 16 17 18 19 | 19.0
Long Blades    | 1 2 3 4 5 6 7 8 9 10 11 12 13 14 15 16 17 18 19 | 19.0
Axes           | 1 2 3 4 5 6 7 8 9 10 11 12 13 14 15 16 17 18 19 | 19.0
Maces & Flails | 1 2 3 4 5 6 7 8 9 10 11 12 13 14 15 16 17 18 19 | 19.0
Polearms       | 1 2 3 4 5 6 7 8 9 10 11 12 13 14 15 16 17 18 19 | 19.0
Staves         | 1 2 3 4 5 6 7 8 9 10 11 12 13 14 15 16 17 18 19 | 19.0
Ranged Weapons | 1 2 3 4 5 6 7 8 9 10 11 12 13 14 15 16 17 18 19 | 19.0
Throwing       | 1 2 3 4 5 6 7 8 9 10 11 12 13 14 15 16 17 18 19 | 19.0
Armour         | 1 2 3 4 5 6 7 8 9 10 11 12 13 14 15 16 17 18 19 | 19.0
Shields        | 1 2 3 4 5 6 7 8 9 10 11 12 13 14 15 16 17 18 19 | 19.0
Unarmed Combat | 1 2 3 4 5 6 7 8 9 10 11 12 13 14 15 16 17 18 19 | 19.0
Evocations     | 1 2 3 4 5 6 7 8 9 10 11 12 13 14 15 16 17 18 19 | 19.0
Shapeshifting  | 1 2 3 4 5 6 7 8 9 10 11 12 13 14 15 16 17 | 17.5
Conjurations   | 1 2 3 4 5 7 8 9 10 11 12 13 14 15 16 | 16.2
Hexes          | 1 2 3 4 5 7 8 9 10 11 12 13 14 15 16 | 16.2
Summonings     | 1 2 3 4 5 7 8 9 10 11 12 13 14 15 16 | 16.2
Necromancy     | 1 2 3 4 5 7 8 9 10 11 12 13 14 15 16 | 16.2
Translocations | 1 2 3 4 5 7 8 9 10 11 12 13 14 15 16 | 16.2
Fire Magic     | 1 2 3 4 5 7 8 9 10 11 12 13 14 15 16 | 16.2
Air Magic      | 1 2 3 4 5 7 8 9 10 11 12 13 14 15 16 | 16.2
Earth Magic    | 1 2 3 4 5 7 8 9 10 11 12 13 14 15 16 | 16.2
Alchemy        | 1 2 3 4 5 7 8 9 10 11 12 13 14 15 16 | 16.2
Dodging        | 5 6 7 8 9 10 11 12 13 14 15 16 17 18 19 | 19.4
Stealth        | 5 6 7 8 9 10 11 12 13 14 15 16 17 18 19 | 19.3
Ice Magic      | 8 9 10 11 12 13 14 15 16 17 | 17.5

Action                     |  1- 3 |  4- 6 |  7- 9 | 10-12 | 13-15 | 16-18 | 19-21 | 22-24 | 25-27 || total
---------------------------+-------+-------+-------+-------+-------+-------+-------+-------+-------++-------
  Melee: Short sword       |    31 |    26 |   215 |   193 |   690 |   863 |  1085 |   826 |   414 ||  4343
         Spear             |     1 |       |       |       |       |       |       |       |       ||     1
         Bite              |     1 |       |    31 |    20 |   108 |   166 |   229 |   195 |    83 ||   833
         Punch             |       |     1 |     7 |     5 |       |       |       |       |       ||    13
         Unarmed           |       |       |       |       |       |   147 |       |    45 |    12 ||   204
  Throw: Throwing net      |       |       |       |       |       |     4 |     4 |     1 |       ||     9
   Cast: Freeze            |    25 |     9 |    29 |    29 |    39 |       |       |       |       ||   131
         Frozen Ramparts   |     6 |     8 |    22 |    43 |    47 |    20 |    13 |     5 |       ||   164
         Summon Ice Beast  |       |     2 |    17 |    35 |    62 |    33 |    12 |       |       ||   161
         Stone Arrow       |       |       |       |    47 |   125 |   175 |    59 |    42 |       ||   448
         Sticky Flame      |       |       |       |     5 |    35 |    17 |    16 |     9 |       ||    82
         Borgnjor's Vile C |       |       |       |       |    11 |   165 |   103 |   140 |   118 ||   537
         Lee's Rapid Decon |       |       |       |       |       |    42 |    57 |   134 |    72 ||   305
         Flame Wave        |       |       |       |       |       |    24 |       |     4 |     1 ||    29
         Summon Cactus Gia |       |       |       |       |       |     2 |    60 |    16 |     4 ||    82
         Irradiate         |       |       |       |       |       |       |    29 |    34 |    44 ||   107
         Ozocubu's Refrige |       |       |       |       |       |       |    14 |   144 |    56 ||   214
         Bombard           |       |       |       |       |       |       |       |    78 |   271 ||   349
         Monstrous Menager |       |       |       |       |       |       |       |     3 |    11 ||    14
 Invoke: Call Merchant     |       |       |       |       |     4 |     1 |     3 |     2 |       ||    10
         Potion Petition   |       |       |       |       |       |       |       |     4 |     4 ||     8
         Bribe Branch      |       |       |       |       |       |       |       |       |     3 ||     3
  Evoke: Wand              |       |       |     8 |     5 |     8 |    30 |     2 |    11 |     8 ||    72
         Lightning rod     |       |       |       |       |       |     1 |       |     2 |       ||     3
         Tin of tremorston |       |       |       |       |       |     1 |       |       |     1 ||     2
         Box of beasts     |       |       |       |       |       |       |       |     2 |     1 ||     3
         Phantom mirror    |       |       |       |       |       |       |       |     1 |     1 ||     2
    Use: Potion            |       |     3 |       |     1 |     1 |     2 |     4 |     8 |    25 ||    44
         Scroll            |       |     6 |     6 |    14 |     8 |     3 |    11 |    13 |    11 ||    72
   Stab: Sleeping          |     5 |     4 |    10 |     9 |     8 |    15 |    36 |    21 |    16 ||   124
         Distracted        |       |     1 |     1 |     3 |     6 |    15 |    15 |    13 |     6 ||    60
         Held in net/web   |       |       |       |       |       |     4 |       |       |       ||     4
 Armour: Robe              |     4 |       |       |       |       |    16 |   423 |   443 |   283 ||  1169
         Leather armour    |    17 |    24 |    77 |       |       |       |       |       |       ||   118
         Steam dragon scal |       |       |    37 |   114 |   346 |   689 |       |       |       ||  1186
         Skin              |       |       |       |       |       |       |       |     6 |       ||     6
         Acid dragon scale |       |       |       |       |       |       |       |       |   116 ||   116
  Dodge: Dodged            |    46 |    25 |   168 |   144 |   499 |   604 |   342 |   435 |   254 ||  2517
  Block: Buckler           |       |       |       |    16 |   213 |   398 |       |       |       ||   627
         Kite shield       |       |       |       |       |       |   352 |   830 |  1010 |   600 ||  2792
         Reflection        |       |       |       |       |       |    13 |    44 |    37 |    23 ||   117
